 Dungeon Crawl Stone Soup version 0.28.0 (webtiles) character file.

Game seed: 16246825920126432733

959 cbfl8 the Chopper (level 7, -1/61 HPs)
             Began as a Minotaur Delver on Feb 11, 2022.
             Shot with an arrow by a centaur (4 damage)
             ... on level 5 of the Dungeon.
             The game lasted 00:07:28 (3613 turns).

cbfl8 the Chopper (Minotaur Delver)                 Turns: 3613, Time: 00:07:29

Health: -1/61      AC:  9    Str: 18    XL:     7   Next: 91%
Magic:  6/6        EV:  9    Int: 13    God:
Gold:   228        SH:  0    Dex: 18    Spells: 6/6 levels left

rFire   . . .      SeeInvis .   a - +0 hand axe
rCold   . . .      Faith    .   (no shield)
rNeg    . . .      Spirit   .   s - +0 chain mail
rPois   .          Reflect  .   (helmet restricted)
rElec   .          Harm     .   (no cloak)
rCorr   .          Rampage  .   (no gloves)
Will    .....                   (no boots)
Stlth   ..........              h - amulet of regeneration
HPRegen 1.00/turn               w - +6 ring of intelligence
MPRegen 0.10/turn               v - +6 ring of dexterity

@: hasted, very quick
A: horns 2, retaliatory headbutt
a: no special abilities


You were on level 5 of the Dungeon.
You visited 1 branch of the dungeon, and saw 5 of its levels.

You collected 228 gold pieces.

Inventory:

Hand Weapons
 a - a +0 hand axe (weapon)
 x - a +3 short sword
Armour
 b - a +0 leather armour
 s - a +0 chain mail (worn)
Jewellery
 h - an amulet of regeneration (around neck)
 i - an amulet of regeneration
 v - a +6 ring of dexterity (right hand)
 w - a +6 ring of intelligence (left hand)
 C - a +4 ring of slaying
Wands
 c - a wand of flame (22)
 g - a wand of digging (3)
Scrolls
 d - 4 scrolls of magic mapping
 j - 4 scrolls of teleportation {unknown}
 k - a scroll of enchant armour {unknown}
 m - 2 scrolls of amnesia {unknown}
 r - a scroll of vulnerability {unknown}
 t - a scroll of enchant weapon {unknown}
 y - a scroll of torment {unknown}
 z - a scroll of silence {unknown}
 A - a scroll of fog
 B - a scroll of holy word {unknown}
 E - a scroll of noise {unknown}
Potions
 l - 2 potions of resistance {unknown}
 o - 3 potions of heal wounds {unknown}
 p - a potion of mutation {unknown}
 q - a potion of degeneration {unknown}
 u - a potion of flight {unknown}
 D - a potion of might {unknown}


   Skills:
 + Level 5.6 Fighting
 + Level 6.5 Axes
 + Level 4.2 Armour
 + Level 3.6 Dodging
 + Level 5.9 Stealth


You had 6 spell levels left.
You didn't know any spells.
Your spell library contained the following spells:

 Spells                   Type           Power      Damage    Failure   Level
 Static Discharge         Conj/Air       0%         N/A       99%         2
 Dispel Undead            Necr           0%         3d6       100%        4
 Olgreb's Toxic Radiance  Pois           0%         N/A       100%        4
 Sticky Flame             Conj/Fire      0%         2d3       100%        4
 Ozocubu's Refrigeration  Ice            0%         4d5       100%        7
 Ignition                 Fire           0%         3d3       100%        8


Dungeon Overview and Level Annotations

Branches:
Dungeon (5/15)
 Temple: D:4-7

Altars:
Makhleb

Shops:
D:4 (

Annotations:
D:5 1 runed translucent door, 1 transporter, Crazy Yiuf; crazypyro's ghost, novice HOBe


Innate Abilities, Weirdness & Mutations

You have a pair of horns on your head.
You reflexively headbutt those who attack you in melee.


Message History

Cornered, the centaur turns to fight!
The centaur unwields the +6 flail of Guilt {vorpal, Will+ Str+3}.
The centaur wields a +0 shortbow.
The centaur shoots an arrow.
The arrow hits you!
The centaur shoots an arrow.
The arrow barely misses you.
The centaur shoots an arrow.
The arrow hits you.
The centaur shoots an arrow.
The arrow hits you!
* * * LOW HITPOINT WARNING * * *
The centaur shoots an arrow.
The arrow hits you.
* * * LOW HITPOINT WARNING * * *
The centaur shoots an arrow.
The arrow hits you.
* * * LOW HITPOINT WARNING * * *
It was a potion of curing.
You feel better.
The centaur shoots an arrow.
The arrow barely misses you.
You feel better.
The centaur shoots an arrow.
The arrow hits you.
The centaur shoots an arrow.
The arrow hits you!
* * * LOW HITPOINT WARNING * * *
You feel better.
The centaur shoots an arrow.
The arrow hits you.
* * * LOW HITPOINT WARNING * * *
The centaur shoots an arrow.
The arrow closely misses you.
The centaur shoots an arrow.
The arrow hits you!
* * * LOW HITPOINT WARNING * * *
The centaur shoots an arrow.
The arrow barely misses you.
You feel better.
The centaur shoots an arrow.
The arrow closely misses you.
The centaur shoots an arrow.
The arrow hits you.
The centaur shoots an arrow.
The arrow barely misses you.
The centaur shoots an arrow.
The arrow hits you!
* * * LOW HITPOINT WARNING * * *
You feel yourself speed up.
The centaur shoots an arrow.
The arrow barely misses you.
The centaur shoots an arrow.
The arrow hits you.
* * * LOW HITPOINT WARNING * * *
The centaur shoots an arrow.
The arrow hits you!
* * * LOW HITPOINT WARNING * * *
The centaur shoots an arrow.
The arrow barely misses you.
The centaur shoots an arrow.
The arrow closely misses you.
There is a large open door here.
The centaur shoots an arrow.
The arrow hits you!
* * * LOW HITPOINT WARNING * * *
The centaur shoots an arrow.
The arrow hits you.
You die...

#.# #.# ###### #c#####
###<†..####.# #.....# #
#...).......# #####.#
###.##.#.##.####.# #g#
#......#.##.# #.#
#c############.#.##.####.#
#...#≈≈≈≈≈≈≈≈#........##.#
###.#≈...@..≈#.##.###.##..
#.#≈.♣♣♣..≈#....# #.....
#.c..♣..♣..'..#.###.##..
#.'..♣..♣..'............
###≈..♣♣♣.≈#...........#
#≈......≈#############
#≈≈≈≈≈≈≈≈# ##########


You could see a centaur.

Vanquished Creatures
  A sky beast (D:3)
  2 ogres
  2 scorpions (D:4)
  A water moccasin skeleton (D:4)
  A howler monkey (D:5)
  A jelly (D:4)
  4 hounds
  Terence (D:2)
  Natasha (thrice) (D:4)
  An iguana (D:5)
  An orc wizard (D:4)
  4 gnolls (D:3)
  9 adders
  A shadow imp (D:5)
  An ufetubus (D:4)
  3 worms
  A dart slug (D:4)
  2 orcs
  3 bats
  9 endoplasms
  5 giant cockroaches
  2 hobgoblins (D:2)
  2 jackals (D:4)
  7 kobolds
  3 quokkas
  5 ball pythons
  5 frilled lizards
  4 goblins
  8 rats
92 creatures vanquished.

Vanquished Creatures (others)
  2 plants (D:2)
2 creatures vanquished.

Grand Total: 94 creatures vanquished

Notes
Turn   | Place    | Note
-------+----------+-------------------------------------------
     0 | D:5      | cbfl8 the Minotaur Delver began the quest for the Orb.
     0 | D:5      | Reached XP level 1. HP: 19/19 MP: 0/0
    43 | D:5      | Found a runed translucent door.
    44 | D:5      | Noticed Crazy Yiuf
    67 | D:5      | Found a burning altar of Makhleb.
    72 | D:5      | Reached XP level 2. HP: 27/27 MP: 1/1
   100 | D:5      | Noticed crazypyro's ghost (novice HOBe)
   101 | D:5      | Found a transporter.
   110 | D:5      | Reached XP level 3. HP: 15/33 MP: 2/2
   289 | D:5      | Reached skill level 5 in Stealth
   363 | D:5      | Reached XP level 4. HP: 38/40 MP: 3/3
   394 | D:5      | Noticed a scorpion
   397 | D:5      | Noticed an ogre
   440 | D:4      | Noticed a scorpion
   447 | D:4      | Killed a scorpion
   448 | D:4      | Reached skill level 3 in Axes
   448 | D:4      | Reached skill level 1 in Armour
   448 | D:4      | Reached XP level 5. HP: 39/47 MP: 4/4
   735 | D:4      | Found Luwkif's Antique Weapon Boutique.
   845 | D:4      | Noticed an ogre
   852 | D:4      | Killed an ogre
   853 | D:4      | Reached XP level 6. HP: 22/53 MP: 5/5
  1151 | D:4      | Noticed Natasha
  1160 | D:4      | Killed Natasha
  1161 | D:4      | Reached skill level 4 in Axes
  1193 | D:4      | Noticed Natasha
  1197 | D:4      | Killed Natasha
  1235 | D:4      | Noticed Natasha
  1246 | D:4      | Killed Natasha
  1433 | D:2      | Noticed Terence
  1447 | D:2      | Killed Terence
  1788 | D:2      | Reached XP level 7. HP: 53/60 MP: 6/6
  2178 | D:1      | Found a faded altar of an unknown god.
  2755 | D:3      | Reached skill level 5 in Fighting
  2916 | D:3      | Reached skill level 5 in Axes
  3519 | D:5      | Reached skill level 6 in Axes
  3572 | D:5      | Identified the +6 flail of Guilt {vorpal, Will+ Str+3}
  3612 | D:5      | HP: 3/61 [centaur/arrow (10)]
  3613 | D:5      | Shot with an arrow by a centaur

Illustrated notes

Levels and vault maps discovered:
D:1:      amcnicky_arrival_abandoned_market, layout_basic,
          shapermc_ecumenical_altar_venn, minmay_strange_pillars,
          corner_web_ring, fountainhead
D:2:      layout_basic, serial_forest, infiniplex_forest_lined_4_way,
          infiniplex_forest_corner_1, infiniplex_forest_lined_room_2,
          infiniplex_forest_lined_corner, infiniplex_forest_lined_2,
          infiniplex_forest_end_1, infiniplex_forest_clump_cross, uniq_terence
D:3:      layout_loops_ring
D:4:      layout_cave_pools, serial_shops, shop, uniq_natasha
D:5:      layout_loops_ring, makhleb_grotto_becter, gammafunk_ghost_stat_death,
          kennysheep_generic_room_7, uniq_crazy_yiuf_cottage, uniq_eustachio

Skill      XL: |  1  2  3  4  5  6  7 |
---------------+----------------------+-----
Fighting       | 4 5 |  5.6
Stealth        | 5 |  5.9
Axes           | 3 4 6 |  6.5
Armour         | 1 2 4 |  4.2
Dodging        | 3 |  3.6

Action                   |  1- 3 |  4- 6 |  7- 9 || total
-------------------------+-------+-------+-------++-------
Melee: Hand axe          |    12 |   125 |   124 ||   261
       Headbutt          |     2 |    22 |    16 ||    40
       Punch             |       |     4 |     3 ||     7
  Use: Potion            |       |       |     5 ||     5
       Scroll            |       |       |     2 ||     2
 Stab: Distracted        |     1 |     1 |       ||     2
       Sleeping          |       |     5 |       ||     5
Armor: Leather armour    |     3 |    19 |       ||    22
       Chain mail        |       |    21 |    63 ||    84
Dodge: Dodged            |    10 |    81 |    71 ||   162
